TOP OF THE 1ST |
St Charles Sheens batting - Pitching for St. Louis Browns : RHP Armando Avilés
|
Pitching: RHP Armando Avilés
|
|
Batting: LHB Larry Howard
|
0-0: Called Strike 0-1: Ball 1-1: Foul Ball, location: 2F 1-2: Strikes out looking
|
Batting: RHB Alfredo Hernández
|
0-0: Ball 1-0: Ball 2-0: Ground out 5-3 (Groundball, 56S)
|
Batting: LHB Stan Bates
|
0-0: Called Strike 0-1: Foul Ball, location: 2F 0-2: Ball 1-2: DOUBLE (Line Drive, 7LS)
|
Batting: RHB Max Rash
|
0-0: Ball 1-0: Ground out 6-3 (Groundball, 6)
|
Top of the 1st over - 0 run(s), 1 hit(s), 0 error(s), 1 left on base; St Charles 0 - St. Louis 0 |
BOTTOM OF THE 1ST |
St. Louis Browns batting - Pitching for St Charles Sheens : RHP Bill Hines
|
Pitching: RHP Bill Hines
|
|
Batting: LHB Robin Hill
|
0-0: Ball 1-0: Ball 2-0: Ball 3-0: Base on Balls
|
Batting: RHB Carlos Alfaro
|
0-0: Ball 1-0: Ball Robin Hill steals 2nd base 2-0: Foul Ball, location: 2F 2-1: Ball 3-1: Base on Balls
|
Batting: LHB Bob Ware
|
0-0: Fielders Choice at 2nd, 1-6 (Groundball, 13S) Robin Hill to third
|
Batting: LHB Jorge Torres
|
0-0: SINGLE (Groundball, 4) (infield hit) Robin Hill scores Bob Ware to second
|
Batting: RHB Adrian Prouse
|
0-0: Ball 1-0: Ball 2-0: Called Strike 2-1: Ball 3-1: Fly out, F6 (Popup, 6)
|
Batting: LHB Junior Coates
|
0-0: Fielders Choice at 2nd, 4-6 (Groundball, 4)
|
Bottom of the 1st over - 1 run(s), 1 hit(s), 0 error(s), 1 left on base; St Charles 0 - St. Louis 1 |
TOP OF THE 2ND |
St Charles Sheens batting - Pitching for St. Louis Browns : RHP Armando Avilés
|
Batting: LHB Juan Jose Rojas
|
0-0: Ball 1-0: Ground out U3 (Groundball, 3)
|
Batting: LHB Kyle Harrison
|
0-0: Ball 1-0: Ground out 3-1 (Groundball, 34)
|
Batting: RHB Jesús Hernández
|
0-0: SINGLE (Groundball, 56D)
|
Batting: RHB Ben Dougherty
|
0-0: Called Strike 0-1: Ball 1-1: Swinging Strike 1-2: Foul Ball, location: 2F 1-2: Foul Ball, location: 2F 1-2: Strikes out swinging
|
Top of the 2nd over - 0 run(s), 1 hit(s), 0 error(s), 1 left on base; St Charles 0 - St. Louis 1 |
BOTTOM OF THE 2ND |
St. Louis Browns batting - Pitching for St Charles Sheens : RHP Bill Hines
|
Batting: RHB António Venecia
|
0-0: Ball 1-0: Called Strike 1-1: Ground out 6-3 (Groundball, 6)
|
Batting: RHB Anthony Rucker
|
0-0: Ball 1-0: Ball 2-0: Ball 3-0: Base on Balls
|
Batting: LHB Bill Murphy
|
0-0: Ball 1-0: Ball 2-0: SINGLE (Line Drive, 7S) Anthony Rucker to second
|
Batting: LHB Robin Hill
|
0-0: Called Strike 0-1: Ball 1-1: Ball 2-1: Called Strike 2-2: Foul Ball, location: 2F 2-2: Foul Ball, location: 2F 2-2: Ball 3-2: SINGLE (Groundball, 6MD) Anthony Rucker to third Bill Murphy to second Runner from 3rd tries for Home, SAFE, throw made home Bill Murphy to third Robin Hill to second
|
Batting: RHB Carlos Alfaro
|
0-0: Ball 1-0: Foul Ball, location: 2F 1-1: Ground out 1-3 (Groundball, 13)
|
Batting: LHB Bob Ware
|
0-0: Swinging Strike 0-1: Foul Ball, location: 2F 0-2: Strikes out looking
|
Bottom of the 2nd over - 1 run(s), 2 hit(s), 0 error(s), 2 left on base; St Charles 0 - St. Louis 2 |
TOP OF THE 3RD |
St Charles Sheens batting - Pitching for St. Louis Browns : RHP Armando Avilés
|
Batting: RHB Dan Tyler
|
0-0: Ball 1-0: Fly out, F9 (Flyball, 9S)
|
Batting: LHB Larry Howard
|
0-0: Foul Ball, location: 2F 0-1: Swinging Strike 0-2: Ball 1-2: Ball 2-2: Strikes out swinging
|
Batting: RHB Alfredo Hernández
|
0-0: Called Strike 0-1: Swinging Strike 0-2: Strikes out swinging
|
Top of the 3rd over - 0 run(s), 0 hit(s), 0 error(s), 0 left on base; St Charles 0 - St. Louis 2 |
BOTTOM OF THE 3RD |
St. Louis Browns batting - Pitching for St Charles Sheens : RHP Bill Hines
|
Batting: LHB Jorge Torres
|
0-0: Called Strike 0-1: Ball 1-1: Ball 2-1: Fly out, F8 (Flyball, 8LM)
|
Batting: RHB Adrian Prouse
|
0-0: Swinging Strike 0-1: Ball 1-1: Called Strike 1-2: SINGLE (Flyball, 8RS)
|
Batting: LHB Junior Coates
|
0-0: Ball 1-0: Called Strike 1-1: Foul Ball, location: 2F 1-2: Ball 2-2: Foul Ball, location: 2F 2-2: Ball 3-2: Fly out, F8 (Flyball, 8LXD) Runner from 1st tags up, SAFE at 2nd
|
Batting: RHB António Venecia
|
0-0: Ball 1-0: Called Strike 1-1: Ball 2-1: Foul Ball, location: 2F 2-2: Ground out 6-3 (Groundball, 6)
|
Bottom of the 3rd over - 0 run(s), 1 hit(s), 0 error(s), 1 left on base; St Charles 0 - St. Louis 2 |
TOP OF THE 4TH |
St Charles Sheens batting - Pitching for St. Louis Browns : RHP Armando Avilés
|
Batting: LHB Stan Bates
|
0-0: Ball 1-0: Called Strike 1-1: Swinging Strike 1-2: Strikes out looking
|
Batting: RHB Max Rash
|
0-0: Ground out 4-3 (Groundball, 4)
|
Batting: LHB Juan Jose Rojas
|
0-0: Ball 1-0: Ball 2-0: Ball 3-0: Called Strike 3-1: Ground out 4-3 (Groundball, 4)
|
Top of the 4th over - 0 run(s), 0 hit(s), 0 error(s), 0 left on base; St Charles 0 - St. Louis 2 |
BOTTOM OF THE 4TH |
St. Louis Browns batting - Pitching for St Charles Sheens : RHP Bill Hines
|
Batting: RHB Anthony Rucker
|
0-0: Hit by Pitch
|
Batting: LHB Bill Murphy
|
0-0: Called Strike 0-1: Fielders Choice at 2nd, 3-6 (Groundball, 34)
|
Batting: LHB Robin Hill
|
0-0: Ball 1-0: Grounds into double play, 1-6-3 (Groundball, 13)
|
Bottom of the 4th over - 0 run(s), 0 hit(s), 0 error(s), 0 left on base; St Charles 0 - St. Louis 2 |
TOP OF THE 5TH |
St Charles Sheens batting - Pitching for St. Louis Browns : RHP Armando Avilés
|
Batting: LHB Kyle Harrison
|
0-0: Ball 1-0: Bunt for hit - play at first, batter OUT! 1-3
|
Batting: RHB Jesús Hernández
|
0-0: Called Strike 0-1: Ball 1-1: SINGLE (Flyball, 8RS)
|
Batting: RHB Ben Dougherty
|
0-0: Called Strike 0-1: Ball 1-1: Ball 2-1: Grounds into double play, 4-6-3 (Groundball, 4)
|
Top of the 5th over - 0 run(s), 1 hit(s), 0 error(s), 0 left on base; St Charles 0 - St. Louis 2 |
BOTTOM OF THE 5TH |
St. Louis Browns batting - Pitching for St Charles Sheens : RHP Bill Hines
|
Batting: RHB Carlos Alfaro
|
0-0: Swinging Strike 0-1: Ball 1-1: Ball 2-1: Ball 3-1: Called Strike 3-2: SINGLE (Groundball, 4D)
|
Batting: LHB Bob Ware
|
0-0: Ball 1-0: Called Strike Carlos Alfaro is caught stealing 2nd base 1-1: Ground out 4-3 (Groundball, 4)
|
Batting: LHB Jorge Torres
|
0-0: SOLO HOME RUN (Flyball, 9D), Distance : 379 ft
|
Batting: RHB Adrian Prouse
|
0-0: Called Strike 0-1: Ground out 4-3 (Groundball, 34)
|
Bottom of the 5th over - 1 run(s), 2 hit(s), 0 error(s), 0 left on base; St Charles 0 - St. Louis 3 |
TOP OF THE 6TH |
St Charles Sheens batting - Pitching for St. Louis Browns : RHP Armando Avilés
|
Batting: RHB Dan Tyler
|
0-0: SINGLE (Flyball, 89S)
|
Batting: LHB Larry Howard
|
0-0: Swinging Strike 0-1: Ball 1-1: Ball 2-1: SINGLE (Groundball, 3D) Dan Tyler to second Runner from 2nd tries for 3rd, SAFE, throw made to third
|
Batting: RHB Alfredo Hernández
|
0-0: Ball 1-0: Called Strike 1-1: Called Strike 1-2: Ball 2-2: Foul Ball, location: 2F 2-2: Fly out, F4 (Line Drive, 4)
|
Batting: LHB Stan Bates
|
0-0: Called Strike 0-1: Swinging Strike 0-2: Strikes out swinging
|
Batting: RHB Max Rash
|
0-0: Ball 1-0: Called Strike 1-1: Called Strike 1-2: Foul Ball, location: 2F 1-2: TRIPLE (Line Drive, 9LM) Dan Tyler scores Larry Howard scores
|
Batting: LHB Juan Jose Rojas
|
0-0: Ball 1-0: SINGLE (Groundball, 34D) Max Rash scores
|
Batting: LHB Kyle Harrison
|
0-0: Swinging Strike 0-1: Ball 1-1: Ball 2-1: Foul Ball, location: 2F 2-2: Ball 3-2: Strikes out swinging
|
Top of the 6th over - 3 run(s), 4 hit(s), 0 error(s), 1 left on base; St Charles 3 - St. Louis 3 |
BOTTOM OF THE 6TH |
St. Louis Browns batting - Pitching for St Charles Sheens : RHP Bill Hines
|
Batting: LHB Junior Coates
|
0-0: Ball 1-0: Ball 2-0: Ball 3-0: Base on Balls
|
Batting: RHB António Venecia
|
0-0: Foul Ball, location: 2F 0-1: Foul Ball, location: 2F 0-2: Fly out, F9 (Flyball, 9LMF)
|
Batting: RHB Anthony Rucker
|
0-0: Ball 1-0: Fielders Choice at 2nd, 4-6 (Groundball, 4)
|
Batting: LHB Bill Murphy
|
0-0: Ball 1-0: Ball 2-0: Called Strike Pickoff Throw to First - Out!
|
Bottom of the 6th over - 0 run(s), 0 hit(s), 0 error(s), 0 left on base; St Charles 3 - St. Louis 3 |
TOP OF THE 7TH |
St Charles Sheens batting - Pitching for St. Louis Browns : RHP Armando Avilés
|
Batting: RHB Jesús Hernández
|
0-0: Called Strike 0-1: Fly out, F7 (Flyball, 7LM)
|
Batting: RHB Ben Dougherty
|
0-0: Called Strike 0-1: Swinging Strike 0-2: Ball 1-2: Ball 2-2: Ball 3-2: Strikes out swinging, 2-3 out at first.
|
Batting: RHB Dan Tyler
|
0-0: Called Strike 0-1: SINGLE (Flyball, 7S)
|
Batting: LHB Larry Howard
|
0-0: Hit by Pitch Dan Tyler to second
|
Pinch Hitting: LHB Marcos Cantú
|
0-0: Ball 1-0: Foul Ball, location: 2F 1-1: Foul Ball, location: 2F 1-2: Foul Ball, location: 2F 1-2: Foul Ball, location: 2F 1-2: Ball 2-2: Strikes out looking
|
Top of the 7th over - 0 run(s), 1 hit(s), 0 error(s), 2 left on base; St Charles 3 - St. Louis 3 |
BOTTOM OF THE 7TH |
St. Louis Browns batting - Pitching for St Charles Sheens : RHP Bill Hines
|
Pitching: RHP Jeff Lynn
|
|
Now at 2B: Miguel Palácios
|
|
Batting: LHB Bill Murphy
|
0-0: Ground out 4-3 (Groundball, 4)
|
Batting: LHB Robin Hill
|
0-0: Ball 1-0: Fly out, F6 (Popup, 6D)
|
Batting: RHB Carlos Alfaro
|
0-0: Ball 1-0: Ball 2-0: Foul Ball, location: 2F 2-1: Fly out, F6 (Line Drive, 6D)
|
Bottom of the 7th over - 0 run(s), 0 hit(s), 0 error(s), 0 left on base; St Charles 3 - St. Louis 3 |
TOP OF THE 8TH |
St Charles Sheens batting - Pitching for St. Louis Browns : RHP Armando Avilés
|
Pitching: LHP Darren Blackwell
|
|
Batting: LHB Stan Bates
|
0-0: Ball 1-0: Ball 2-0: Fly out, F7 (Flyball, 7LS)
|
Batting: RHB Max Rash
|
0-0: Ground out 6-3 (Groundball, 6)
|
Batting: LHB Juan Jose Rojas
|
0-0: Foul Ball, location: 2F 0-1: Ball 1-1: Foul Ball, location: 2F 1-2: Strikes out swinging
|
Top of the 8th over - 0 run(s), 0 hit(s), 0 error(s), 0 left on base; St Charles 3 - St. Louis 3 |
BOTTOM OF THE 8TH |
St. Louis Browns batting - Pitching for St Charles Sheens : RHP Jeff Lynn
|
Batting: LHB Bob Ware
|
0-0: Called Strike 0-1: Foul Ball, location: 2F 0-2: Ball 1-2: Ball 2-2: Ball 3-2: Foul Ball, location: 2F 3-2: Fly out, F8 (Line Drive, 89D)
|
Batting: LHB Jorge Torres
|
0-0: Fly out, F5 (Flyball, 5D)
|
Pinch Hitting: LHB Clinton Clark
|
0-0: Swinging Strike 0-1: Ball 1-1: Swinging Strike 1-2: Strikes out looking
|
Bottom of the 8th over - 0 run(s), 0 hit(s), 0 error(s), 0 left on base; St Charles 3 - St. Louis 3 |
TOP OF THE 9TH |
St Charles Sheens batting - Pitching for St. Louis Browns : LHP Darren Blackwell
|
Pitching: RHP António López
|
|
Now in RF: Clinton Clark
|
|
Batting: LHB Kyle Harrison
|
0-0: Called Strike 0-1: Ball 1-1: Swinging Strike 1-2: Ground out 6-3 (Groundball, 6)
|
Batting: RHB Jesús Hernández
|
0-0: Ball 1-0: Ball 2-0: Ground out 6-3 (Groundball, 6)
|
Batting: RHB Ben Dougherty
|
0-0: Ball 1-0: Ball 2-0: Called Strike 2-1: DOUBLE (Flyball, 89M)
|
Batting: RHB Dan Tyler
|
0-0: Ball 1-0: Swinging Strike 1-1: Foul Ball, location: 2F 1-2: Ball 2-2: Strikes out looking
|
Top of the 9th over - 0 run(s), 1 hit(s), 0 error(s), 1 left on base; St Charles 3 - St. Louis 3 |
BOTTOM OF THE 9TH |
St. Louis Browns batting - Pitching for St Charles Sheens : RHP Jeff Lynn
|
Pitching: RHP Álex Villegas
|
|
Batting: LHB Junior Coates
|
0-0: Ball 1-0: Called Strike 1-1: Foul Ball, location: 2F 1-2: Ball 2-2: Strikes out swinging
|
Batting: RHB António Venecia
|
0-0: Swinging Strike 0-1: Swinging Strike 0-2: Ball 1-2: Ground out 6-3 (Groundball, 56)
|
Batting: RHB Anthony Rucker
|
0-0: SINGLE (Groundball, 56S) (infield hit)
|
Batting: LHB Bill Murphy
|
0-0: Ball 1-0: Called Strike 1-1: Ball 2-1: SINGLE (Flyball, 78S) Anthony Rucker to second
|
Pitching: RHP Juan Rivera
|
|
Batting: LHB Robin Hill
|
0-0: Called Strike 0-1: Called Strike 0-2: Ground out U3 (Groundball, 34)
|
Bottom of the 9th over - 0 run(s), 2 hit(s), 0 error(s), 2 left on base; St Charles 3 - St. Louis 3 |
TOP OF THE 10TH |
St Charles Sheens batting - Pitching for St. Louis Browns : RHP António López
|
Batting: LHB Larry Howard
|
0-0: Foul Ball, location: 2F 0-1: Ball 1-1: Called Strike 1-2: Foul Ball, location: 2F 1-2: Ground out 4-3 (Groundball, 34)
|
Batting: RHB Miguel Palácios
|
0-0: Ball 1-0: Ball 2-0: Ball 3-0: Base on Balls
|
Batting: LHB Stan Bates
|
0-0: Swinging Strike 0-1: Swinging Strike 0-2: Strikes out swinging
|
Batting: RHB Max Rash
|
0-0: Ball 1-0: Called Strike Miguel Palácios steals 2nd base 1-1: Ball 2-1: Ground out 1-3 (Groundball, 15S)
|
Top of the 10th over - 0 run(s), 0 hit(s), 0 error(s), 1 left on base; St Charles 3 - St. Louis 3 |
BOTTOM OF THE 10TH |
St. Louis Browns batting - Pitching for St Charles Sheens : RHP Juan Rivera
|
Batting: RHB Carlos Alfaro
|
0-0: Foul Ball, location: 2F 0-1: Ball 1-1: Called Strike 1-2: Ball 2-2: Ball 3-2: Foul Ball, location: 2F 3-2: Foul Ball, location: 2F 3-2: Foul Ball, location: 2F 3-2: Foul Ball, location: 2F 3-2: Fly out, F7 (Flyball, 7S)
|
Batting: LHB Bob Ware
|
0-0: Ground out U3 (Groundball, 3S)
|
Batting: LHB Jorge Torres
|
0-0: Ball 1-0: SINGLE (Line Drive, 4MD)
|
Batting: LHB Clinton Clark
|
0-0: Fielders Choice at 2nd, 6-4 (Groundball, 6)
|
Bottom of the 10th over - 0 run(s), 1 hit(s), 0 error(s), 0 left on base; St Charles 3 - St. Louis 3 |
TOP OF THE 11TH |
St Charles Sheens batting - Pitching for St. Louis Browns : RHP António López
|
Pitching: RHP Beau Brown
|
|
Batting: LHB Juan Jose Rojas
|
0-0: Called Strike 0-1: Ball 1-1: Foul Ball, location: 2F 1-2: Ball 2-2: Ball 3-2: Ground out U3 (Groundball, 34)
|
Batting: LHB Kyle Harrison
|
0-0: SINGLE (Line Drive, 3D)
|
Batting: RHB Jesús Hernández
|
0-0: Called Strike 0-1: Ball 1-1: Foul Ball, location: 2F 1-2: Ball 2-2: Ball 3-2: Fielders Choice at 2nd, 4-6 (Groundball, 4)
|
Batting: RHB Ben Dougherty
|
0-0: Ball 1-0: Fly out, F7 (Flyball, 78S)
|
Top of the 11th over - 0 run(s), 1 hit(s), 0 error(s), 1 left on base; St Charles 3 - St. Louis 3 |
BOTTOM OF THE 11TH |
St. Louis Browns batting - Pitching for St Charles Sheens : RHP Juan Rivera
|
Batting: LHB Junior Coates
|
0-0: Called Strike 0-1: Ball 1-1: Ball 2-1: Ball 3-1: Called Strike 3-2: Foul Ball, location: 2F 3-2: Fly out, F8 (Line Drive, 8LD)
|
Batting: RHB António Venecia
|
0-0: Foul Ball, location: 2F 0-1: Ball 1-1: Ball 2-1: Foul Ball, location: 2F 2-2: Foul Ball, location: 2F 2-2: Strikes out swinging
|
Pitching: RHP Joe O'Sullivan
|
|
Batting: RHB Anthony Rucker
|
0-0: Ball 1-0: Called Strike 1-1: Called Strike 1-2: Ground out 1-3 (Groundball, 13)
|
Bottom of the 11th over - 0 run(s), 0 hit(s), 0 error(s), 0 left on base; St Charles 3 - St. Louis 3 |
TOP OF THE 12TH |
St Charles Sheens batting - Pitching for St. Louis Browns : RHP Beau Brown
|
Batting: RHB Dan Tyler
|
0-0: Called Strike 0-1: Ball 1-1: Foul Ball, location: 2F 1-2: Ball 2-2: Strikes out swinging
|
Batting: LHB Larry Howard
|
0-0: Ball 1-0: Ball 2-0: Called Strike 2-1: Foul Ball, location: 2F 2-2: Strikes out swinging
|
Batting: RHB Miguel Palácios
|
0-0: Ball 1-0: Fly out, F2 (Popup, 3S)
|
Top of the 12th over - 0 run(s), 0 hit(s), 0 error(s), 0 left on base; St Charles 3 - St. Louis 3 |
BOTTOM OF THE 12TH |
St. Louis Browns batting - Pitching for St Charles Sheens : RHP Joe O'Sullivan
|
Batting: LHB Bill Murphy
|
0-0: Ground out 6-3 (Groundball, 6)
|
Batting: LHB Robin Hill
|
0-0: Called Strike 0-1: Ground out 3-1 (Groundball, 34)
|
Batting: RHB Carlos Alfaro
|
0-0: Called Strike 0-1: Ball 1-1: Ball 2-1: Ball 3-1: Base on Balls
|
Batting: LHB Bob Ware
|
0-0: Ball 1-0: Foul Ball, location: 2F 1-1: Ball 2-1: Called Strike 2-2: Fielders Choice at 2nd, 4-6 (Groundball, 34D)
|
Bottom of the 12th over - 0 run(s), 0 hit(s), 0 error(s), 0 left on base; St Charles 3 - St. Louis 3 |
TOP OF THE 13TH |
St Charles Sheens batting - Pitching for St. Louis Browns : RHP Beau Brown
|
Batting: LHB Stan Bates
|
0-0: Called Strike 0-1: Called Strike 0-2: Ball 1-2: Foul Ball, location: 2F 1-2: Ball 2-2: Foul Ball, location: 2F 2-2: Ball 3-2: Strikes out swinging
|
Batting: RHB Max Rash
|
0-0: Ball 1-0: Called Strike 1-1: Ball 2-1: Called Strike 2-2: Foul Ball, location: 2F 2-2: Foul Ball, location: 2F 2-2: Strikes out swinging
|
Batting: LHB Juan Jose Rojas
|
0-0: Ball 1-0: Foul Ball, location: 2F 1-1: SINGLE (Line Drive, 34)
|
Pitching: RHP John Allan
|
|
Batting: LHB Kyle Harrison
|
0-0: Swinging Strike 0-1: Ball 1-1: Fielders Choice at 2nd, 6-4 (Groundball, 6)
|
Top of the 13th over - 0 run(s), 1 hit(s), 0 error(s), 0 left on base; St Charles 3 - St. Louis 3 |
BOTTOM OF THE 13TH |
St. Louis Browns batting - Pitching for St Charles Sheens : RHP Joe O'Sullivan
|
Batting: LHB Jorge Torres
|
0-0: Called Strike 0-1: Ball 1-1: Ball 2-1: Ground out U3 (Groundball, 34)
|
Batting: LHB Clinton Clark
|
0-0: Foul Ball, location: 2F 0-1: Ground out 5-3 (Groundball, 56)
|
Batting: LHB Junior Coates
|
0-0: DOUBLE (Flyball, 8LXD) - OUT at third base trying to stretch hit.
|
Bottom of the 13th over - 0 run(s), 1 hit(s), 0 error(s), 0 left on base; St Charles 3 - St. Louis 3 |
TOP OF THE 14TH |
St Charles Sheens batting - Pitching for St. Louis Browns : RHP John Allan
|
Batting: RHB Jesús Hernández
|
0-0: Ball 1-0: Called Strike 1-1: Ball 2-1: Ball 3-1: Fly out, F8 (Flyball, 8LM)
|
Batting: RHB Ben Dougherty
|
0-0: Swinging Strike 0-1: Ball 1-1: Called Strike 1-2: Foul Ball, location: 2F 1-2: Foul Ball, location: 2F 1-2: Ball 2-2: Foul Ball, location: 2F 2-2: Strikes out swinging, 2-3 out at first.
|
Batting: RHB Dan Tyler
|
0-0: Foul Ball, location: 2F 0-1: Swinging Strike 0-2: Ball 1-2: Reached on error, E6 (Groundball, 6)
|
Batting: LHB Larry Howard
|
0-0: Ball 1-0: Ball 2-0: Called Strike 2-1: Ball 3-1: SINGLE (Line Drive, 89S) Dan Tyler to second Runner from 2nd tries for 3rd, OUT!
|
Top of the 14th over - 0 run(s), 1 hit(s), 1 error(s), 1 left on base; St Charles 3 - St. Louis 3 |
BOTTOM OF THE 14TH |
St. Louis Browns batting - Pitching for St Charles Sheens : RHP Joe O'Sullivan
|
Batting: RHB António Venecia
|
0-0: Ball 1-0: Ball 2-0: Ball 3-0: Called Strike 3-1: Foul Ball, location: 2F 3-2: Foul Ball, location: 2F 3-2: Foul Ball, location: 2F 3-2: Foul Ball, location: 2F 3-2: Base on Balls
|
Batting: RHB Anthony Rucker
|
0-0: Bunted foul 0-1: Bunted foul 0-2: Foul Ball, location: 2F 0-2: Ball 1-2: Foul Ball, location: 2F 1-2: Foul Ball, location: 2F 1-2: Grounds into double play, 4-6-3 (Groundball, 4)
|
Batting: LHB Bill Murphy
|
0-0: Called Strike 0-1: Ball 1-1: Foul Ball, location: 2F 1-2: Ball 2-2: Strikes out looking
|
Bottom of the 14th over - 0 run(s), 0 hit(s), 0 error(s), 0 left on base; St Charles 3 - St. Louis 3 |
TOP OF THE 15TH |
St Charles Sheens batting - Pitching for St. Louis Browns : RHP John Allan
|
Batting: RHB Miguel Palácios
|
0-0: Called Strike 0-1: Ground out 5-3 (Groundball, 5L)
|
Batting: LHB Stan Bates
|
0-0: Foul Ball, location: 2F 0-1: Foul Ball, location: 2F 0-2: Ball 1-2: Fly out, F7 (Flyball, 7)
|
Batting: RHB Max Rash
|
0-0: Called Strike 0-1: SINGLE (Line Drive, 6M)
|
Batting: LHB Juan Jose Rojas
|
0-0: Swinging Strike 0-1: Ball 1-1: Foul Ball, location: 2F 1-2: Ball 2-2: SINGLE (Line Drive, 78M) Max Rash to second
|
Batting: LHB Kyle Harrison
|
0-0: SINGLE (Groundball, 6MD) Max Rash to third Juan Jose Rojas to second Runner from 3rd tries for Home, SAFE, no throw
|
Batting: RHB Jesús Hernández
|
0-0: Ball 1-0: Ball 2-0: Called Strike 2-1: Fly out, F8 (Flyball, 8RM)
|
Top of the 15th over - 1 run(s), 3 hit(s), 0 error(s), 2 left on base; St Charles 4 - St. Louis 3 |
BOTTOM OF THE 15TH |
St. Louis Browns batting - Pitching for St Charles Sheens : RHP Joe O'Sullivan
|
Batting: LHB Robin Hill
|
0-0: Called Strike 0-1: Ball 1-1: Ground out U3 (Groundball, 3)
|
Batting: RHB Carlos Alfaro
|
0-0: Called Strike 0-1: Called Strike 0-2: Foul Ball, location: 2F 0-2: Foul Ball, location: 2F 0-2: Ball 1-2: Ball 2-2: Ball 3-2: Ground out 4-3 (Groundball, 4M)
|
Batting: LHB Bob Ware
|
0-0: Called Strike 0-1: Ball 1-1: Fly out, F4 (Popup, 34)
|
Bottom of the 15th over - 0 run(s), 0 hit(s), 0 error(s), 0 left on base; St Charles 4 - St. Louis 3 |
|